 Dungeon Crawl Stone Soup version 0.14.2 (webtiles) character file.

7432 Amnesiac the Cleaver (level 10, -22/49 HPs)
             Began as a Spriggan Artificer on Feb 4, 2018.
             Was the Champion of Nemelex Xobeh.
             Killed themself with a badly aimed orb of electricity (71 damage)
             ... on Level 1 of the Orcish Mines.
             The game lasted 00:38:51 (14615 turns).

Amnesiac the Cleaver (Spriggan Artificer)          Turns: 14615, Time: 00:38:51

HP -22/49        AC  5     Str  7      XL: 10   Next: 78%
MP  27/27        EV 28     Int 13      God: Nemelex Xobeh [******]
Gold 588         SH  0     Dex 21      Spells:  2 memorised,  3 levels left

rFire  + . .     SeeInvis +     f - legendary deck of destruction {drawn: 1}
rCold  + . .     Clarity  .     k - +1 robe {rC+ rF+}
rNeg   . . .     Conserve .     (shield restricted)
rPois  .         rCorr    .     F - +1 hat
rElec  .         rRot     .     e - +0 cloak
SustAb . .       Spirit   .     (gloves unavailable)
rMut   .         Warding  .     (boots unavailable)
Saprov . . .     Stasis   .     y - amulet of faith
MR     +....                    (no ring)
                                (no ring)

@: very quick, somewhat resistant to hostile enchantments, stealthy
A: unfitting armour, see invisible, herbivore 3, speed 3, slow metabolism 2
a: Draw One, Peek at Two, Triple Draw, Deal Four, Stack Five, Renounce Religion


You were on level 1 of the Orcish Mines.
You worshipped Nemelex Xobeh.
Nemelex Xobeh was exalted by your worship.
You were not hungry.

You visited 3 branches of the dungeon, and saw 12 of its levels.

You collected 588 gold pieces.

Inventory:

Hand weapons
 a - the +10,+6 mithril axe "Arga" {speed, MR+ Str+2}
   (You found it on level 7 of the Dungeon)

   Attacks with this weapon are significantly faster.
   It affects your strength (+2).
   It affects your resistance to hostile enchantments.
 b - a +1 blowgun
Missiles
 r - 6 throwing nets (quivered)
 t - 37 poisoned needles
Armour
 e - a +0 cloak (worn)
 k - a +1 robe of resistance (worn)
 F - a +1 hat (worn)
Magical devices
 c - a wand of enslavement (14)
 o - a wand of polymorph (9)
 v - a wand of teleportation (0)
 J - a wand of lightning (2)
 K - a wand of disintegration (0)
 L - a wand of cold (5)
Comestibles
 l - 2 apples
 s - 3 apricots
Jewellery
 y - an amulet of faith (around neck)
Potions
 h - 6 potions of curing {!q}
 i - a potion of heal wounds {!q}
Miscellaneous
 d - an ornate deck of escape {drawn: 1}
 f - a legendary deck of destruction {drawn: 1} (in hand)
 p - a plain deck of wonders {drawn: 1}
 u - an ornate deck of destruction {drawn: 4}
 G - an ornate deck of summonings {drawn: 3}
Rods
 w - a -1 rod of shadows (6/9)
   (You found it on level 9 of the Dungeon)


   Skills:
 - Level 3.6 Fighting
   Level 2.0 Short Blades
 + Level 10.6 Axes
   Level 3.0 Slings
 - Level 9.8 Dodging
 - Level 1.5 Stealth
 - Level 9.8 Evocations


You had 3 spell levels left.
You knew the following spells:

 Your Spells              Type           Power        Failure   Level  Hunger
a - Flight                Chrm/Air       #.........   86%         3    ####...
b - Ozocubu's Armour      Chrm/Ice       #.........   86%         3    ####...


Dungeon Overview and Level Annotations

Branches:
Dungeon (10/15)            Temple (1/1) D:5             Orc (1/4) D:10
   Lair (0/8) D:10

Altars:
Ashenzari
Cheibriados
Dithmenos
Elyvilon
Fedhas
Kikubaaqudgha
Makhleb
Nemelex Xobeh
Okawaru
Sif Muna
Trog
Vehumet
Xom
Yredelemnul
Zin
The Shining One

Shops:
D:5 %   D:10 [


Innate Abilities, Weirdness & Mutations

You are tiny and cannot use many weapons and most armour.
You have supernaturally acute eyesight.
You are a herbivore.
You cover ground extremely quickly.
You need consume almost no food.


Message History

Nemelex Xobeh is exalted by your worship.
There is a large open door here.
You now have 577 gold pieces (gained 10).
An orc comes into view. It is wielding a club.
You see here a leatherbound book.
g - a book of Frost You drop a book of Frost.
This spell is very dangerous to cast!
Memorise Ozocubu's Armour, consuming 3 spell levels and leaving 3?
You start memorising the spell.
You continue memorising.
You continue memorising. x2
You finish memorising.
You can't memorise that many levels of magic yet!
The orc is too close now for your liking.
You see here a book of Frost.
You offer a prayer to Nemelex Xobeh.
The book of Frost glows slightly and disappears.
Nemelex Xobeh is exalted by your worship.
An orc comes into view.
The orc shouts! x2
The orc completely misses you.
You slice the orc!!
You kill the orc!
You see here a club.
You slash the orc!
You kill the orc!
No target in view!
No target in view!
You see here an orc corpse.
You offer a prayer to Nemelex Xobeh.
The orc corpse glows slightly and disappears.
Nemelex Xobeh is exalted by your worship.
You see here a club.
You offer a prayer to Nemelex Xobeh.
The club disappears without a glow.
Nemelex Xobeh is exalted by your worship.
You now have 588 gold pieces (gained 11).
You open the large door. 3 orc wizards and an orc sorcerer come into view.
Found a scroll of identify and a paperback book.
The orc wizard shouts! x3
The orc sorcerer shouts!
Found a scroll labeled ITTIACKUAST and a papyrus book.
There is a large open door here.
Wield which item (- for none, * to show all)? (? for menu, Esc to quit)
You feel weaker.
f - a legendary deck of cards (in hand) {god gift} The orc sorcerer closely misses you.
You draw a card...
It is the Spark.
This is a legendary deck of destruction {drawn: 1}.
You have drawn the Spark.
Press: ? - help, Shift-Dir - straight line, f - orc sorcerer
Aim: an orc sorcerer, wielding a dagger and wearing an embroidered robe The orb of electricity explodes!
The orb of electricity engulfs the orc sorcerer.
You kill the orc sorcerer!
The orb of electricity engulfs the orc wizard.
You kill the orc wizard!
The orb of electricity engulfs the orc wizard.
You kill the orc wizard!
The orb of electricity engulfs you!
Ouch! That really hurt!
You die...
Your body glows with a rainbow of weird colours and disappears.

....$#......###
..............#
...##########.#
#........#.#
#........#.#
#.##++##.#.#
+.#:..:#.'.#
+.#o.))#.'.#
#.##)@##.#.#
#........#.#
#........#.#
##########.#
.... ......
..##.........#
. ##.#.......#
###...#.##
##.####


You could see an orc wizard.

Vanquished Creatures
  Harold (D:10)
  Erica (D:10)
  An orc sorcerer (Orc:1)
  Psyche (D:8)
  A spriggan (D:8)
  2 wyverns (D:9)
  3 sharks (D:8)
  2 hippogriffs
  2 deep elf magi
  A water moccasin (D:8)
  The ghost of Amnesiac the Cutter, an average SpAr (D:4)
  A yellow wasp (D:9)
  A black bear (D:5)
  2 ogres
  An ice beast (D:6)
  A sky beast (D:5)
  2 big kobolds
  A crocodile (D:10)
  A gnoll sergeant (D:10)
  6 giant frogs
  8 killer bees
  A troll skeleton (D:9)
  A hippogriff skeleton (D:9)
  2 crimson imps
  3 goliath beetles
  A two-headed ogre zombie (D:9)
  A quasit (D:9)
  5 hounds
  6 orc wizards
  An iguana (D:8)
  3 orc priests
  6 worker ants
  A sheep (D:5)
  10 adders
  12 gnolls
  A scorpion zombie (D:7)
  A shadow imp (D:9)
  A worm zombie (D:2)
  5 worms
  An adder skeleton (D:7)
  An iguana zombie (D:9)
  2 giant eyeballs
  6 giant geckos
  3 oozes
  15 orcs
  2 bat skeletons (D:2)
  5 giant cockroaches
  A gnoll skeleton (D:2)
  10 hobgoblins
  5 quokkas
  A ball python (D:1)
  19 bats
  3 giant newts
  A giant newt skeleton (D:5)
  A giant spore (D:6)
  7 goblins
  4 hobgoblin skeletons
  8 jackals
  A jackal skeleton (D:4)
  22 kobolds
  A kobold skeleton (D:2)
  2 kobold zombies (D:2)
  An orc skeleton (D:2)
  A quokka skeleton (D:2)
  17 rats
  2 ballistomycetes (D:6)
  4 fungi (D:10)
  3 plants
250 creatures vanquished.

Vanquished Creatures (collateral kills)
  Gastronok (D:10)
  An orc warrior (D:6)
  A shark (D:8)
  An ogre (D:6)
  A big kobold (D:6)
  A crimson imp (D:6)
  An orc priest (D:6)
  2 orc wizards (D:6)
  An orc (D:6)
  4 kobolds (D:6)
14 creatures vanquished.

Vanquished Creatures (others)
  A vampire mosquito (D:6)
  4 yaks (D:10)
  An orc warrior (D:10)
  2 orcs (D:10)
  2 fungi (D:10)
10 creatures vanquished.

Grand Total: 274 creatures vanquished

Notes
Turn   | Place    | Note
--------------------------------------------------------------
     0 | D:1      | Amnesiac, the Spriggan Artificer, began the quest for the Orb.
     0 | D:1      | Reached XP level 1. HP: 9/9 MP: 2/2
    53 | D:1      | Reached skill level 1 in Fighting
   823 | D:1      | Reached XP level 2. HP: 14/14 MP: 5/5
  1747 | D:2      | Reached XP level 3. HP: 16/18 MP: 8/8
  1940 | D:2      | Reached skill level 1 in Slings
  2264 | D:2      | Found an iron altar of Okawaru.
  2577 | D:2      | Reached XP level 4. HP: 13/22 MP: 10/10
  3172 | D:2      | Reached XP level 5. HP: 14/25 MP: 14/14
  3686 | D:3      | Reached skill level 5 in Dodging
  3841 | D:3      | Reached skill level 5 in Evocations
  4901 | D:4      | Noticed Amnesiac's ghost (average SpAr)
  4920 | D:4      | Killed Amnesiac's ghost
  4920 | D:4      | Reached skill level 6 in Dodging
  4920 | D:4      | Reached XP level 6. HP: 23/30 MP: 17/17
  5350 | D:5      | Entered Level 5 of the Dungeon
  5640 | D:5      | Found a staircase to the Ecumenical Temple.
  5650 | Temple   | Entered the Ecumenical Temple
  5743 | Temple   | Became a worshipper of Nemelex Xobeh the Trickster
  5864 | D:4      | Received a gift from Nemelex Xobeh
  6224 | D:2      | Acquired Nemelex Xobeh's first power
  6935 | D:5      | Found Pherapt's Food Boutique.
  6953 | D:5      | Acquired Nemelex Xobeh's second power
  7232 | D:5      | Noticed Blork the orc
  7233 | D:5      | Noticed Blork
  7233 | D:5      | Blork the orc changed into Blork the sheep
  7240 | D:5      | Killed Blork the sheep
  7317 | D:5      | Reached skill level 7 in Dodging
  7720 | D:5      | Reached XP level 7. HP: 35/35 MP: 20/20
  7972 | D:6      | Reached skill level 8 in Dodging
  8216 | D:6      | Received a gift from Nemelex Xobeh
  8231 | D:6      | Acquired Nemelex Xobeh's third power
  8328 | D:6      | Paralysed by a giant eyeball for 2 turns
  8624 | D:6      | Reached XP level 8. HP: 40/40 MP: 23/23
  8706 | D:6      | Received a gift from Nemelex Xobeh
  8792 | D:6      | Acquired Nemelex Xobeh's fourth power
  9041 | D:6      | Reached skill level 9 in Dodging
  9317 | D:7      | Paralysed by a giant eyeball for 2 turns
 10453 | D:7      | Reached skill level 1 in Axes
 10798 | D:8      | Noticed Psyche
 10803 | D:8      | Killed Psyche
 10864 | D:8      | Reached XP level 9. HP: 41/45 MP: 25/25
 10894 | D:8      | Found a glowing silver altar of Zin.
 10911 | D:8      | Learned a level 3 spell: Flight
 10912 | D:8      | Acquired Nemelex Xobeh's fifth power
 11022 | D:8      | Received a gift from Nemelex Xobeh
 11068 | D:8      | Reached skill level 5 in Axes
 11770 | D:8      | Received a gift from Nemelex Xobeh
 11888 | D:8      | Found a radiant altar of Vehumet.
 11888 | D:8      | Found a basalt altar of Yredelemnul.
 11900 | D:8      | Got a transparent glass ring
 12005 | D:7      | Gained mutation: Your spells are a little harder to cast, but a little more powerful. [potion of beneficial mutation]
 12006 | D:7      | Gained mutation: Your body is slowly deteriorating. [potion of mutation]
 12006 | D:7      | Gained mutation: You are weak. (Str -2) [potion of mutation]
 12007 | D:7      | Gained mutation: You are partially covered in molten scales (AC +1). [potion of mutation]
 12007 | D:7      | Lost mutation: Your body is slowly deteriorating. [potion of mutation]
 13066 | D:9      | Identified a -1 rod of shadows (9/9) (You found it on level 9 of the Dungeon)
 13193 | D:9      | Lost mutation: You are weak. (Str -2) [potion of cure mutation]
 13193 | D:9      | Lost mutation: You are partially covered in molten scales (AC +1). [potion of cure mutation]
 13193 | D:9      | Lost mutation: Your spells are a little harder to cast, but a little more powerful. [potion of cure mutation]
 13237 | D:10     | Entered Level 10 of the Dungeon
 13485 | D:10     | Reached XP level 10. HP: 49/49 MP: 27/27
 13663 | D:10     | Found a glowing golden altar of the Shining One.
 13727 | D:10     | Noticed Gastronok
 13769 | D:10     | Killed Gastronok
 13774 | D:10     | Received a gift from Nemelex Xobeh
 13807 | D:10     | Noticed Harold
 13832 | D:10     | Killed Harold
 14044 | D:10     | Found a staircase to the Lair.
 14180 | D:10     | Found a staircase to the Orcish Mines.
 14202 | D:10     | Found Ovorph's Armour Boutique.
 14363 | D:10     | Noticed Erica
 14399 | D:10     | Received a gift from Nemelex Xobeh
 14401 | D:10     | Killed Erica
 14401 | D:10     | Reached skill level 10 in Axes
 14406 | D:10     | Identified the ring "Reolam" {+/*Tele +Rage} (You found it on level 8 of the Dungeon)
 14550 | Orc:1    | Entered Level 1 of the Orcish Mines
 14590 | Orc:1    | Learned a level 3 spell: Ozocubu's Armour
 14612 | Orc:1    | Noticed an orc sorcerer
 14615 | Orc:1    | Killed an orc sorcerer
 14615 | Orc:1    | Killed themself with a badly aimed orb of electricity

Action                   |  1- 3 |  4- 6 |  7- 9 | 10-12 || total
-------------------------+-------+-------+-------+-------++-------
Melee: Short sword       |   192 |     8 |       |       ||   200
       Broad axe         |       |       |   208 |    80 ||   288
 Fire: Sling             |    84 |   347 |   230 |       ||   661
       Blowgun           |       |       |    16 |     3 ||    19
Throw: Dart              |    34 |     6 |       |       ||    40
Evoke: Wand              |     3 |    21 |    34 |     1 ||    59
       Deck              |       |       |     9 |    12 ||    21
       Rod               |       |       |       |     4 ||     4
  Use: Scroll            |     3 |     8 |     7 |     2 ||    20
       Potion            |     1 |       |     7 |     1 ||     9
 Stab: Sleeping          |     1 |       |     1 |       ||     2
